cohdb
Replays
Latest Replays
All Replays
Popular Replays
Top Player Replays
Match Explorer
How It Works
Community
CoH3 Stats
Reddit
Sign in to upload your games and track your stats! →
Sign in with Steam
Match 41620782
Unlisted
Match 41620782
Overview
Messages
Build Orders
End
Scout Squad
Selects Airborne Battlegroup
Selects Heavy Machine Gun Paradrop
Heavy Machine Gun Paradrop
Engineer Squad
Heavy Machine Gun Paradrop
Construct Barracks
Riflemen Squad
Grenade Package
Selects Paratrooper Squad Paradrop
Riflemen Squad
Construct Medical Station
Mechanized Support Center
Construct Motor Pool
M24 Chaffee Light Tank
Mortar Pit
Selects Anti-tank Gun Team Paradrop
Selects Recon Loiter
M8 Greyhound Armored Car
Improvised Armor
Paratrooper Squad Paradrop
Anti-tank Gun Team Paradrop
Selects Paradrop Reinforcements
Selects Dual P-47 Rocket Strike
Mortar Pit
Engineer Squad
M1918 Browning Automatic Rifles
Construct Tank Depot
M4A1 Sherman Medium Tank
rettep_s
MadMax
0
0
Comments
sign in to comment!
No comments posted yet!